BSA
NEVADA NOISE @ NASSAU ROCKETS
07/29/2029
 
TOP OF THE 1ST
Nevada Noise batting - Pitching for Nassau Rockets : RHP Ron Bartlett
Pitching: RHP Ron Bartlett
Batting: RHB Pedro Rosado 0-0: Called Strike
0-1: Called Strike
0-2: Foul Ball, location: 2F
0-2: Ball
1-2: SINGLE (Groundball, 4MD)
Batting: SHB Víctor Serrano 0-0: Called Strike
0-1: Ball
1-1: Ground out 4-3 (Groundball, 4S)
Pedro Rosado to second
Batting: LHB Santiago Márquez 0-0: Fly out, F8 (Flyball, 8LS)
Batting: RHB Luis Cruz 0-0: Called Strike
0-1: Called Strike
0-2: Ball
1-2: Ground out 5-3 (Groundball, 56)
Top of the 1st over - 0 runs, 1 hit, 0 errors, 1 left on base; Nevada 0 - Nassau 0
BOTTOM OF THE 1ST
Nassau Rockets batting - Pitching for Nevada Noise : RHP Isaac Pope
Pitching: RHP Isaac Pope
Batting: LHB Andrew Alvarado 0-0: Foul Ball, location: 2F
0-1: Ball
1-1: SINGLE (Groundball, 13S) (infield hit)
Batting: RHB John Anderson 0-0: Ball
1-0: Ball
2-0: Grounds into double play, 6-4-3 (Groundball, 6)
Batting: LHB Don Ramey 0-0: SINGLE (Groundball, 6MD)
Batting: LHB Juan Romero 0-0: Ball
1-0: Called Strike
1-1: Ball
2-1: 2-RUN HOME RUN (Flyball, 89XD), Distance : 378 ft
Batting: SHB Edgardo Osorio 0-0: Ball
1-0: SINGLE (Groundball, 56D)
Batting: LHB Wilson Allen 0-0: SINGLE (Line Drive, 8RS)
Edgardo Osorio to second
Batting: SHB Joaquín López 0-0: Called Strike
0-1: Ball
1-1: Foul Ball, location: 2F
1-2: Foul Ball, location: 2F
1-2: Foul Ball, location: 2F
1-2: Ball
2-2: Ground out 4-3 (Groundball, 4M)
Bottom of the 1st over - 2 runs, 5 hits, 0 errors, 2 left on base; Nevada 0 - Nassau 2
TOP OF THE 2ND
Nevada Noise batting - Pitching for Nassau Rockets : RHP Ron Bartlett
Batting: LHB Pablo Reyes 0-0: Swinging Strike
0-1: Ball
1-1: Foul Ball, location: 2F
1-2: Strikes out swinging
Batting: RHB Rich Ruffin 0-0: Swinging Strike
0-1: Ball
1-1: Ball
2-1: Ground out 4-3 (Groundball, 4S)
Batting: LHB Milton Watson 0-0: Called Strike
0-1: Called Strike
0-2: Strikes out looking
Top of the 2nd over - 0 runs, 0 hits, 0 errors, 0 left on base; Nevada 0 - Nassau 2
BOTTOM OF THE 2ND
Nassau Rockets batting - Pitching for Nevada Noise : RHP Isaac Pope
Batting: LHB Rafael Delgado 0-0: Called Strike
0-1: Ground out 4-3 (Groundball, 34D)
Batting: RHB Jesús Villalobos 0-0: Ball
1-0: SINGLE (Groundball, 6MD)
Batting: LHB Andrew Alvarado 0-0: Ball
Jesús Villalobos steals 2nd base
1-0: Called Strike
Jesús Villalobos steals 3rd base
1-1: Swinging Strike
1-2: Ball
2-2: Ground out 6-3 (Groundball, 6)
Jesús Villalobos scores
Batting: RHB John Anderson 0-0: Called Strike
0-1: SINGLE (Line Drive, 6MD)
Batting: LHB Don Ramey 0-0: Foul Ball, location: 2F
0-1: Swinging Strike
0-2: Foul Ball, location: 2F
0-2: Ball
1-2: Strikes out looking
Bottom of the 2nd over - 1 run, 2 hits, 0 errors, 1 left on base; Nevada 0 - Nassau 3
TOP OF THE 3RD
Nevada Noise batting - Pitching for Nassau Rockets : RHP Ron Bartlett
Batting: RHB Fernando Gálvez 0-0: Called Strike
0-1: Ball
1-1: Swinging Strike
1-2: Foul Ball, location: 2F
1-2: Ball
2-2: Ground out 6-3 (Groundball, 6)
Batting: RHB Bill Mark 0-0: Called Strike
0-1: Foul Ball, location: 2F
0-2: Foul Ball, location: 2F
0-2: Ball
1-2: Ball
2-2: Foul Ball, location: 2F
2-2: Foul Ball, location: 2F
2-2: Ball
3-2: Base on Balls
Batting: RHB Pedro Rosado 0-0: Foul Ball, location: 2F
0-1: Called Strike
0-2: Foul Ball, location: 2F
0-2: Ball
1-2: Strikes out looking
Batting: SHB Víctor Serrano 0-0: Ball
1-0: Ball
2-0: Ball
3-0: Base on Balls
Bill Mark to second
Batting: LHB Santiago Márquez 0-0: Called Strike
0-1: Ball
1-1: Swinging Strike
1-2: Foul Ball, location: 2F
1-2: Ground out 3-1 (Groundball, 3S)
Top of the 3rd over - 0 runs, 0 hits, 0 errors, 2 left on base; Nevada 0 - Nassau 3
BOTTOM OF THE 3RD
Nassau Rockets batting - Pitching for Nevada Noise : RHP Isaac Pope
Batting: LHB Juan Romero 0-0: Ball
1-0: Foul Ball, location: 2F
1-1: Called Strike
1-2: Ball
2-2: SOLO HOME RUN (Flyball, 89XD), Distance : 389 ft
Batting: SHB Edgardo Osorio 0-0: Ball
1-0: Ball
2-0: SINGLE (Line Drive, 6MD)
Batting: LHB Wilson Allen 0-0: Ball
1-0: Foul Ball, location: 2F
1-1: Grounds into double play, 6-4-3 (Groundball, 6)
Batting: SHB Joaquín López 0-0: Ball
1-0: Called Strike
1-1: Ball
2-1: SINGLE (Line Drive, 78S)
Batting: LHB Rafael Delgado 0-0: Called Strike
0-1: Swinging Strike
0-2: Ball
1-2: Fielders Choice at 2nd, 5-4 (Groundball, 5)
Bottom of the 3rd over - 1 run, 3 hits, 0 errors, 1 left on base; Nevada 0 - Nassau 4
TOP OF THE 4TH
Nevada Noise batting - Pitching for Nassau Rockets : RHP Ron Bartlett
Batting: RHB Luis Cruz 0-0: Called Strike
0-1: Ball
1-1: Called Strike
1-2: Ball
2-2: Fly out, F7 (Flyball, 7S)
Batting: LHB Pablo Reyes 0-0: Ground out 6-3 (Groundball, 6)
Batting: RHB Rich Ruffin 0-0: Called Strike
0-1: Swinging Strike
0-2: Ball
1-2: Ground out 5-3 (Groundball, 56)
Top of the 4th over - 0 runs, 0 hits, 0 errors, 0 left on base; Nevada 0 - Nassau 4
BOTTOM OF THE 4TH
Nassau Rockets batting - Pitching for Nevada Noise : RHP Isaac Pope
Batting: RHB Jesús Villalobos 0-0: Ball
1-0: Called Strike
1-1: Called Strike
1-2: Ground out 5-3 (Groundball, 56)
Batting: LHB Andrew Alvarado 0-0: Called Strike
0-1: SINGLE (Flyball, 78S)
Batting: RHB John Anderson 0-0: Foul Ball, location: 2F
0-1: Ball
1-1: Swinging Strike
1-2: Strikes out swinging
Batting: LHB Don Ramey 0-0: Called Strike
0-1: Called Strike
0-2: Ground out 4-3 (Groundball, 34)
Bottom of the 4th over - 0 runs, 1 hit, 0 errors, 1 left on base; Nevada 0 - Nassau 4
TOP OF THE 5TH
Nevada Noise batting - Pitching for Nassau Rockets : RHP Ron Bartlett
Batting: LHB Milton Watson 0-0: Called Strike
0-1: Foul Ball, location: 2F
0-2: Strikes out swinging
Batting: RHB Fernando Gálvez 0-0: Foul Ball, location: 2F
0-1: Ball
1-1: Ball
2-1: Called Strike
2-2: Strikes out swinging
Batting: RHB Bill Mark 0-0: Swinging Strike
0-1: Ball
1-1: Swinging Strike
1-2: Ball
2-2: Fly out, F5 (Line Drive, 56)
Top of the 5th over - 0 runs, 0 hits, 0 errors, 0 left on base; Nevada 0 - Nassau 4
BOTTOM OF THE 5TH
Nassau Rockets batting - Pitching for Nevada Noise : RHP Isaac Pope
Batting: LHB Juan Romero 0-0: Ball
1-0: Called Strike
1-1: Called Strike
1-2: Ball
2-2: Foul Ball, location: 2F
2-2: Ball
3-2: Base on Balls
Batting: SHB Edgardo Osorio 0-0: Called Strike
0-1: Foul Ball, location: 2F
0-2: Strikes out swinging
Batting: LHB Wilson Allen 0-0: Ball
1-0: Ball
2-0: Called Strike
2-1: Foul Ball, location: 2F
2-2: Strikes out looking
Batting: SHB Joaquín López 0-0: Called Strike
0-1: Ball
1-1: Foul Ball, location: 2F
1-2: Ball
2-2: Foul Ball, location: 2F
2-2: Ground out 1-3 (Groundball, 13)
Bottom of the 5th over - 0 runs, 0 hits, 0 errors, 1 left on base; Nevada 0 - Nassau 4
TOP OF THE 6TH
Nevada Noise batting - Pitching for Nassau Rockets : RHP Ron Bartlett
Batting: RHB Pedro Rosado 0-0: Called Strike
0-1: Fly out, F6 (Line Drive, 6S)
Batting: SHB Víctor Serrano 0-0: Called Strike
0-1: Fly out, F7 (Flyball, 7LSF)
Batting: LHB Santiago Márquez 0-0: Called Strike
0-1: Ball
1-1: Fly out, F9 (Flyball, 9)
Top of the 6th over - 0 runs, 0 hits, 0 errors, 0 left on base; Nevada 0 - Nassau 4
BOTTOM OF THE 6TH
Nassau Rockets batting - Pitching for Nevada Noise : RHP Isaac Pope
Batting: LHB Rafael Delgado 0-0: Ball
1-0: Ball
2-0: Called Strike
2-1: Ball
3-1: Foul Ball, location: 2F
3-2: Foul Ball, location: 2F
3-2: SINGLE (Flyball, 7S)
Batting: RHB Jesús Villalobos 0-0: Swinging Strike
0-1: Called Strike
0-2: Ball
1-2: Strikes out swinging
Batting: LHB Andrew Alvarado 0-0: Called Strike
Rafael Delgado steals 2nd base
0-1: Ball
1-1: Intentional Walk
Pitching: RHP Elton Johnston
Batting: RHB John Anderson 0-0: Foul Ball, location: 2F
0-1: Ball
Rafael Delgado steals 3rd base
Andrew Alvarado to second
1-1: Foul Ball, location: 2F
1-2: SINGLE (Line Drive, 8RS)
Rafael Delgado scores
Andrew Alvarado to third
Runner from 3rd tries for Home, SAFE, no throw
Batting: LHB Don Ramey 0-0: Ball
1-0: Foul Ball, location: 2F
1-1: Ball
2-1: DOUBLE (Flyball, 78XD)
John Anderson to third
Runner from 3rd tries for Home, SAFE, no throw
Batting: LHB Juan Romero 0-0: Called Strike
0-1: Ball
1-1: Ball
2-1: Foul Ball, location: 2F
2-2: Ball
3-2: Base on Balls
Batting: SHB Edgardo Osorio 0-0: Fly out, F8 (Flyball, 8RXD)
Runner from 2nd tags up, SAFE at 3rd, no throw
Batting: LHB Wilson Allen 0-0: Called Strike
0-1: Swinging Strike
0-2: Foul Ball, location: 2F
0-2: Strikes out looking
Bottom of the 6th over - 3 runs, 3 hits, 0 errors, 2 left on base; Nevada 0 - Nassau 7
TOP OF THE 7TH
Nevada Noise batting - Pitching for Nassau Rockets : RHP Ron Bartlett
Batting: RHB Luis Cruz 0-0: Ball
1-0: Swinging Strike
1-1: Called Strike
1-2: Ground out 5-3 (Groundball, 56)
Batting: LHB Pablo Reyes 0-0: Called Strike
0-1: SINGLE (Groundball, 34S) (infield hit)
Batting: RHB Rich Ruffin 0-0: Swinging Strike
0-1: Swinging Strike
0-2: Ball
1-2: Ball
2-2: Strikes out swinging
Batting: LHB Milton Watson 0-0: Called Strike
0-1: Called Strike
0-2: Ball
1-2: Ball
2-2: Foul Ball, location: 2F
2-2: Foul Ball, location: 2F
2-2: SINGLE (Groundball, 5) (infield hit)
Pablo Reyes to second
Batting: RHB Fernando Gálvez 0-0: Ball
1-0: Ball
2-0: Ball
3-0: Called Strike
3-1: Foul Ball, location: 2F
3-2: Fly out, F8 (Flyball, 8RXD)
Top of the 7th over - 0 runs, 2 hits, 0 errors, 2 left on base; Nevada 0 - Nassau 7
BOTTOM OF THE 7TH
Nassau Rockets batting - Pitching for Nevada Noise : RHP Elton Johnston
Batting: SHB Joaquín López 0-0: Called Strike
0-1: Ball
1-1: Swinging Strike
1-2: Ground out 1-3 (Groundball, 13S)
Batting: LHB Rafael Delgado 0-0: Ground out 4-3 (Groundball, 4)
Batting: RHB Jesús Villalobos 0-0: Ball
1-0: Ball
2-0: Ball
3-0: Base on Balls
Batting: LHB Andrew Alvarado 0-0: Called Strike
Jesús Villalobos is caught stealing 2nd base
Bottom of the 7th over - 0 runs, 0 hits, 0 errors, 0 left on base; Nevada 0 - Nassau 7
TOP OF THE 8TH
Nevada Noise batting - Pitching for Nassau Rockets : RHP Ron Bartlett
Pitching: LHP Dennis Taylor
Batting: RHB Bill Mark 0-0: Swinging Strike
0-1: Ball
1-1: Swinging Strike
1-2: Strikes out swinging
Batting: RHB Pedro Rosado 0-0: SINGLE (Groundball, 56D)
Batting: SHB Víctor Serrano 0-0: Ball
1-0: Foul Ball, location: 2F
1-1: Ball
2-1: Swinging Strike
2-2: Foul Ball, location: 2F
2-2: Ball
3-2: SINGLE (Groundball, 56) (infield hit)
Pedro Rosado to second
Batting: LHB Santiago Márquez 0-0: Called Strike
0-1: Ball
1-1: Foul Ball, location: 2F
1-2: Ball
2-2: Foul Ball, location: 2F
2-2: Strikes out swinging
Batting: RHB Luis Cruz 0-0: Fly out, F8 (Line Drive, 8LD)
Top of the 8th over - 0 runs, 2 hits, 0 errors, 2 left on base; Nevada 0 - Nassau 7
BOTTOM OF THE 8TH
Nassau Rockets batting - Pitching for Nevada Noise : RHP Elton Johnston
Batting: LHB Andrew Alvarado 0-0: Ground out 5-3 (Groundball, 56)
Batting: RHB John Anderson 0-0: Ball
1-0: Ball
2-0: Ball
3-0: Base on Balls
Batting: LHB Don Ramey 0-0: Called Strike
0-1: Called Strike
0-2: SINGLE (Groundball, 4D)
John Anderson to second
Batting: LHB Juan Romero 0-0: Called Strike
0-1: Ball
1-1: Swinging Strike
1-2: Grounds into double play, 6-4-3 (Groundball, 6)
Bottom of the 8th over - 0 runs, 1 hit, 0 errors, 1 left on base; Nevada 0 - Nassau 7
TOP OF THE 9TH
Nevada Noise batting - Pitching for Nassau Rockets : LHP Dennis Taylor
Batting: LHB Pablo Reyes 0-0: Fly out, F7 (Flyball, 7)
Batting: RHB Rich Ruffin 0-0: Ground out 4-3 (Groundball, 4)
Batting: LHB Milton Watson 0-0: Foul Ball, location: 2F
0-1: Ball
1-1: Swinging Strike
1-2: Strikes out swinging
Top of the 9th over - 0 runs, 0 hits, 0 errors, 0 left on base; Nevada 0 - Nassau 7
Saturday, December 16th, 2017 - OOTP Baseball 18.8 Build 76